 Dungeon Crawl Stone Soup version 0.31.0-2-g5a2aebc5c2 (webtiles) character file.

Game seed: 5766353490779832584

128 Zeia the Grave Robber (level 4, -2/30 HPs)
             Began as a Demonspawn Necromancer on Jan 20, 2024.
             Succumbed to an orc wizard's poison
             ... on level 2 of the Dungeon.
             The game lasted 00:12:30 (2486 turns).

Zeia the Grave Robber (Demonspawn Necromancer)      Turns: 2486, Time: 00:12:31

Health: -2/30      AC:  8    Str:  8    XL:     4   Next: 86%
Magic:  6/7        EV: 12    Int: 18    God:
Gold:   84         SH:  0    Dex: 13    Spells: 2/7 levels left

rFire   . . .        o - +0 dagger (venom)
rCold   . . .        (no shield)
rNeg    . . .        a - +0 robe
rPois   .            (no helmet)
rElec   .            (no cloak)
rCorr   .            (no gloves)
SInv    .            (no boots)
Will    .....        (no amulet)
Stlth   ++           (no ring)
HPRegen 0.25/turn    (no ring)
MPRegen 0.10/turn

%: no passive effects
@: lethally poisoned (-2 -> -14), sanguine armoured
A: sanguine armour 1
a: no special abilities


You were on level 2 of the Dungeon.
You visited 1 branch of the dungeon, and saw 3 of its levels.

You collected 84 gold pieces.

Inventory:

Hand Weapons
 c - a +0 dagger
 o - a +0 dagger of venom (weapon)
Armour
 a - a +0 robe (worn)
Magical Staves
 s - a staff of earth
Scrolls
 d - 3 scrolls of teleportation {unknown}
 e - a scroll of enchant armour {unknown}
 i - a scroll of blinking {unknown}
 m - a scroll of fog {unknown}
 n - 2 scrolls of vulnerability {unknown}
 r - a scroll of enchant weapon {unknown}
Potions
 b - a potion of magic
 f - 3 potions of cancellation {unknown}
 g - a potion of brilliance {unknown}
 h - a potion of haste {unknown}
 j - 2 potions of heal wounds {unknown}
 k - a potion of degeneration {unknown}
 l - a potion of enlightenment {unknown}
 p - a potion of lignification {unknown}
 q - a potion of attraction {unknown}
 t - a potion of might {unknown}


   Skills:
 + Level 0.2 Fighting
 - Level 1.7 Dodging
 - Level 1.7 Stealth
 - Level 2.0 Spellcasting
 - Level 6.8 Necromancy


You had 2 spell levels left.
You knew the following spells:

 Your Spells              Type           Power      Damage    Failure   Level
a - Necrotise             Necr           100%       1d9       1%          1
b - Animate Dead          Necr           26%        N/A       11%         4

Your spell library contained the following spells:

 Spells                   Type           Power      Damage    Failure   Level
 Vampiric Draining        Necr           26%        2d7       3%          3
 Curse of Agony           Necr           26%        N/A       30%         5
 Stone Arrow              Conj/Erth      2%         3d7       47%         3
 Animate Armour           Summ/Erth      2%         N/A       87%         4
 Lehudib's Crystal Spear  Conj/Erth      0%         10d2      100%        8


Dungeon Overview and Level Annotations

Branches:
Dungeon (3/15)

Altars:
Dithmenos
Gozag
Hepliaklqana
Kikubaaqudgha
Makhleb
Uskayaw
Wu Jian

Shops:
D:1 *


Innate Abilities, Weirdness & Mutations

When seriously injured, your blood forms armour. (AC +6)


Message History

Press: ? - help, Q - select action Shift-Dir - straight line, f/p - orc
Aim: an orc, wielding a +0 hand axe (lightly wounded, chance to affect: 93%)
The orc writhes in agony.
The orc wizard points at you and mumbles some strange words.
You are confused.
The orc closely misses you.
You're too confused to cast spells.
You're too confused to cast spells.
Unknown command.
You're too confused to cast spells.
Unknown command.
You barely miss the orc.
The orc is heavily wounded.
The orc completely misses you.
The orc shouts!
You hear a shout!
The orc hits you with a +0 hand axe.
Your blood congeals into armour.
The orc hits you but does no damage.
The orc wizard hits you but does no damage.
The orc hits you with a +0 hand axe.
The orc wizard hits you with a +1 dagger of venom.
You are poisoned.
The orc misses you. The orc closely misses you.
You feel very sick.
The orc wizard mumbles some strange words.
The orc wizard flickers and vanishes!
Deactivating autopickup; reactivate with Ctrl-A.
The orc closely misses you. The orc hits you with a +0 hand axe.
You feel less confused.
You feel sick. Something hits you.
You are lethally poisoned!
The orc closely misses you. The orc barely misses you.
* * * LOW HITPOINT WARNING * * *
You feel very sick. Something hits you.
* * * LOW HITPOINT WARNING * * *
The orc barely misses you. The orc hits you with a +0 hand axe.
* * * LOW HITPOINT WARNING * * *
You climb upwards.
Reactivating autopickup.
You die...

##.####.##.(..###....#...#
......#.##...........#...#
###.....##...........#...#
###...##)#.........#...#
##..##.#.........#####
#).#..#.........#
######....##.......[[#
..(..#.#..###..oo....#
#..#............@....#
##..#....###.........#
##.##.............###
###..................#
........##.##......>.#
...##..#...##........#
....#....##..........#
......#####..........#
......# ###...<......#


You could see 2 orcs.

Vanquished Creatures
  6 adders
  A ribbon worm (D:3)
  A dart slug (D:2)
  4 orcs
  5 bats
  11 endoplasms
  11 giant cockroaches (D:3)
  2 goblins (D:2)
  2 hobgoblins
  3 quokkas (D:3)
  3 ball pythons
  2 frilled lizards
  4 kobolds
  4 rats
59 creatures vanquished.

Vanquished Creatures (collateral kills)
  A kobold (D:2)
  A rat (D:2)
2 creatures vanquished.

Grand Total: 61 creatures vanquished

Notes
Turn   | Place    | Note
-------+----------+-------------------------------------------
     0 | D:1      | Zeia the Demonspawn Necromancer began the quest for the
                  | Orb.
     0 | D:1      | Reached XP level 1. HP: 13/13 MP: 3/3
    81 | D:1      | Found a faded altar of an unknown god.
   284 | D:1      | Gained mutation: When seriously injured, your blood forms
                  | armour. (AC +6) [demonic ancestry]
   284 | D:1      | Reached XP level 2. HP: 10/19 MP: 0/5
   357 | D:1      | Reached skill level 5 in Necromancy
   424 | D:1      | Found Kaofficyd's Assorted Antiques.
   908 | D:2      | Reached XP level 3. HP: 20/24 MP: 1/6
  1131 | D:2      | Reached skill level 6 in Necromancy
  1346 | D:2      | Reached XP level 4. HP: 30/30 MP: 5/7
  1671 | D:3      | Found an ancient bone altar of Kikubaaqudgha.
  1672 | D:3      | Found a hide-covered altar of Uskayaw.
  1673 | D:3      | Found a hazy altar of Hepliaklqana.
  1673 | D:3      | Found an ornate altar of the Wu Jian Council.
  1674 | D:3      | Found a burning altar of Makhleb.
  1674 | D:3      | Found a shadowy altar of Dithmenos.
  1702 | D:3      | Noticed a black bear
  1876 | D:3      | Found an opulent altar of Gozag.
  2276 | D:3      | Learned a level 4 spell: Animate Dead
  2486 | D:2      | Succumbed to an orc wizard's poison

Illustrated notes

Levels and vault maps discovered:
D:1:      zelgadis_glass_arrival_small, layout_basic, serial_shops,
          nicolae_shop_hallway_stairs, ebering_ecumenical_altar_webs,
          minmay_tromino_v4_c
D:2:      layout_rooms, serial_bayou_pond_c
D:3:      layout_loops_corners, pdpol_temple_overflow_zin_treasury_gozag_greed,
          grunt_temple_overflow_open, gup_sewer_entry_pipe,
          nicolae_eternal_life, minmay_surrounded

Skill      XL: |  1  2  3 |
---------------+----------+-----
Necromancy     | 5 6 |  6.8
Fighting       | |  0.2
Dodging        | |  1.7
Stealth        | |  1.7
Spellcasting   | |  2.0

Action                     |  1- 3 |  4- 6 || total
---------------------------+-------+-------++-------
  Melee: Dagger            |    23 |    60 ||    83
         Punch             |       |     1 ||     1
   Cast: Necrotise         |    53 |    30 ||    83
   Stab: Sleeping          |       |     1 ||     1
 Armour: Robe              |    21 |    49 ||    70
  Dodge: Dodged            |    24 |    72 ||    96
